 Dungeon Sprint DCSS version 0.23.2-33-g5129a83184 (webtiles) character file.

Game seed: 16154499893894425818

106443 Atelerd the Hoplite (level 15, -2/249 HPs)
             Began as a Minotaur Fighter on July 22, 2019.
             Was the Champion of Makhleb.
             Slain by Ignacio
             ... wielding a +2 executioner's axe of pain
              (6 damage)
             ... in the Dungeon (Sprint V: "Ziggurat Sprint") on July 23, 2019.
             The game lasted 00:19:11 (1298 turns).

Atelerd the Hoplite (Minotaur Fighter)              Turns: 1298, Time: 00:19:12

Health: -2/249     AC: 43    Str: 37    XL:     15   Next: 97%
Magic:  28/28      EV:  4    Int: 13    God:    Makhleb [******]
Gold:   0          SH: 40    Dex: 14    Spells: 16/25 levels left

rFire    . . .     SeeInvis +   w - +14 obsidian axe {chop, +Fly SInv *Curse} (curse)
rCold    . . .     Gourm    .   y - +18 shield of the Gong {rElec rN+ MR+ EV-5}
rNeg     + + .     Faith    .   x - +15 Maxwell's patent armour {-Cast -Tele rElec MR+ rCorr}
rPois    +         Spirit   .   (helmet restricted)
rElec    +         Reflect  +   a - +2 cloak {MR+}
rCorr    +         Harm     .   A - +2 pair of gloves of the Wumpus {rPois rN+ Int+5}
MR       +++++     NoTele   +   (no boots) Stlth ..........NoCast +
                                K - amulet "Byqaogg" {Reflect MR+ SH+3}
HPRegen  0.51/turn              C - +6 ring of strength
MPRegen  0.21/turn              D - +6 ring of strength

@: berserking, lethally poisoned (-2 -> -20), flying (expiring), mesmerised,
hasted, studying 2 skills, very quick
A: retaliatory headbutt, horns 2, screaming 1
a: Minor Destruction, Lesser Servant of Makhleb, Major Destruction, Greater
Servant of Makhleb, Renounce Religion


You were in the Dungeon.
You worshipped Makhleb.
Makhleb was exalted by your worship.
You were very full.

You visited 1 branch

Inventory:

Hand Weapons
 b - the +12 rapier of Wucwej {pierce, rElec rPois Stlth+}
   (You took it off a deep elf mage in the Dungeon)

   It inflicts extra damage upon your enemies.
   It insulates you from electricity.
   It protects you from poison.
   It makes you more stealthy.
 u - the +12 glaive of Prune {chop}
   (You found it in the Dungeon)

   It inflicts extra damage upon your enemies.
 w - the cursed +14 obsidian axe (weapon) {chop, +Fly SInv *Curse}
   (You found it in the Dungeon)

   It inflicts extra damage upon your enemies.
   It lets you see invisible.
   It lets you fly.
   It curses itself when equipped.
   It has a curse placed upon it.
 L - the +8 battleaxe of Ancient Evil {chop, Int+4}
   (You found it in the Dungeon)

   It inflicts extra damage upon your enemies.
   It affects your intelligence (+4).
 Q - the +11 glaive "Goech" {pain, *Drain rN+ Str+3}
   (You found it in the Dungeon)

   In the hands of one skilled in necromantic magic, it inflicts extra damage on
   living creatures.
   It affects your strength (+3).
   It protects you from negative energy.
   It causes draining when unequipped.
Armour
 a - a +2 cloak of magic resistance (worn)
 c - the +3 salamander hide armour {+Rage rF++}
   (You found it in the Dungeon)

   It greatly protects you from fire.
   It lets you go berserk.
 x - the +15 Maxwell's patent armour (worn) {-Cast -Tele rElec MR+ rCorr}
   (You found it in the Dungeon)

   It insulates you from electricity.
   It affects your resistance to hostile enchantments.
   It prevents spellcasting.
   It prevents most forms of teleportation.
   It provides partial protection from all sources of acid and corrosion.
 y - the +18 shield of the Gong (worn) {rElec rN+ MR+ EV-5}
   (You found it in the Dungeon)

   It affects your evasion (-5).
   It insulates you from electricity.
   It protects you from negative energy.
   It affects your resistance to hostile enchantments.
 A - the +2 pair of gloves of the Wumpus (worn) {rPois rN+ Int+5}
   (You found it in the Dungeon)

   It affects your intelligence (+5).
   It protects you from poison.
   It protects you from negative energy.
 B - the +4 moon troll leather armour {Spirit, Regen++ MP+5}
   (You found it in the Dungeon)

   It affects your magic capacity (+5).
   It increases your rate of regeneration.
Jewellery
 C - a +6 ring of strength (left hand)
 D - a +6 ring of strength (right hand)
 H - an uncursed amulet of the gourmand
 I - the ring of the Garden {*Corrode MP+9 Int+2 Slay+2 Stlth+}
   (You found it in the Dungeon)

   [ring of magical power]

   It affects your intelligence (+2).
   It affects your accuracy and damage with ranged weapons and melee attacks
   (+2).
   It affects your magic capacity (+9).
   It may corrode you when you take damage.
   It makes you more stealthy.
 K - the amulet "Byqaogg" (around neck) {Reflect MR+ SH+3}
   (You found it in the Dungeon)

   [amulet of reflection]

   It shields you and reflects attacks.
   It affects your resistance to hostile enchantments.
   It affects your SH (+3).
 M - an uncursed ring of fire
 O - the ring of Gilepnum {rN+ Dex+3}
   (You took it off a deep elf annihilator in the Dungeon)

   [ring of positive energy]

   It affects your dexterity (+3).
   It protects you from negative energy.
 P - the amulet "Zoes" {Spirit rC+}
   (You found it in the Dungeon)

   [amulet of guardian spirit]

   It causes incoming damage to be split between your health and magic.
   It protects you from cold.
 R - an uncursed ring of protection from cold
 T - a cursed ring of positive energy
 V - an uncursed ring of protection from cold
 W - the ring "Roucej" {EV+3 Int+4}
   (You found it in the Dungeon)

   [ring of evasion]

   It affects your evasion (+3).
   It affects your intelligence (+4).
 X - the ring "Ymnaxuv" {Fire rPois rN+ SInv}
   (You found it in the Dungeon)

   [ring of fire]

   It enhances your fire magic.
   It protects you from fire.
   It makes you vulnerable to cold.
   It protects you from poison.
   It protects you from negative energy.
   It lets you see invisible.
 Y - a +2 ring of strength
 Z - an uncursed ring of ice
Wands
 E - a wand of disintegration (7)
 F - a wand of iceblast (7)
 G - a wand of acid (4)
Scrolls
 k - 4 scrolls of blinking
 l - 4 scrolls of amnesia
 m - 7 scrolls of fog
 n - a scroll of holy word
 o - 5 scrolls of identify
 p - 5 scrolls of remove curse
 q - 2 scrolls of fear
 U - 6 scrolls of brand weapon
Potions
 d - 3 potions of might
 e - 10 potions of curing
 g - 17 potions of heal wounds
 h - 9 potions of haste
 i - 7 potions of magic
 j - 2 potions of berserk rage
 r - 2 potions of brilliance
 s - a potion of invisibility
 t - 4 potions of resistance
 v - 5 potions of agility
Books
 z - a manual of Earth Magic
 J - a manual of Fighting
Miscellaneous
 S - 4 phantom mirrors
Comestibles
 f - 7 rations
 N - 2 chunks of flesh


   Skills:
 + Level 23.9 Fighting
 + Level 23.3 Axes
 + Level 23.4 Armour
 + Level 24.5 Shields
 * Level 5.8 Spellcasting
 * Level 6.4 Summonings
 * Level 0.8 Necromancy
 * Level 21.0 Invocations


You had 16 spell levels left.
You knew the following spells:

 Your Spells              Type           Power        Failure   Level  Hunger
a - Aura of Abjuration    Summ           ###.......   67%         5    ######.
b - Animate Dead          Necr           N/A          97%         4    ####...

Your spell library contained the following spells:

 Spells                   Type           Power        Failure   Level  Hunger
 Summon Butterflies       Summ           ###.....     3%          1    None
 Summon Small Mammal      Summ           ###.         3%          1    None
 Call Imp                 Summ           ###.....     4%          2    ##.....
 Animate Skeleton         Necr           N/A          32%         1    None
 Apportation              Tloc           #.....       43%         1    None
 Beastly Appendage        Tmut           #.....       43%         1    None
 Confusing Touch          Hex            #.....       43%         1    None
 Corona                   Hex            #......      43%         1    None
 Flame Tongue             Conj/Fire      #....        43%         1    None
 Magic Dart               Conj           #...         43%         1    None
 Corpse Rot               Necr           N/A          43%         2    ##.....
 Sublimation of Blood     Necr           #.........   43%         2    ##.....
 Blink                    Tloc           N/A          56%         2    ##.....
 Passwall                 Tmut/Erth      #.......     56%         2    ##.....
 Poisonous Vapours        Pois/Air       #.....       56%         2    ##.....
 Shroud of Golubria       Chrm/Tloc      #.........   56%         2    ##.....
 Slow                     Hex            #.......     56%         2    ##.....
 Sticks to Snakes         Tmut           #.......     56%         2    ##.....
 Swiftness                Chrm/Air       #.......     56%         2    ##.....
 Throw Flame              Conj/Fire      #.....       56%         2    ##.....
 Conjure Flame            Conj/Fire      #.......     80%         3    ###....
 Inner Flame              Hex/Fire       #.......     80%         3    ###....
 Lesser Beckoning         Tloc           #.........   80%         3    ###....
 Mephitic Cloud           Conj/Pois/Air  #.......     80%         3    ###....
 Portal Projectile        Hex/Tloc       #.....       80%         3    ###....
 Spider Form              Tmut/Pois      #.........   80%         3    ###....
 Stone Arrow              Conj/Erth      #.....       80%         3    ###....
 Tukima's Dance           Hex            #.......     80%         3    ###....
 Summon Forest            Summ/Tloc      ##........   98%         5    ######.
 Cause Fear               Hex            #.........   99%         4    ####...
 Ice Form                 Ice/Tmut       #.......     99%         4    ####...
 Leda's Liquefaction      Hex/Erth       #.........   99%         4    ####...
 Passage of Golubria      Tloc           N/A          99%         4    ####...
 Sticky Flame             Conj/Fire      #.......     99%         4    ####...
 Agony                    Necr           #.......     100%        5    ######.
 Alistair's Intoxication  Tmut/Pois      #.......     100%        5    ######.
 Blade Hands              Tmut           #.........   100%        5    ######.
 Bolt of Draining         Conj/Necr      #.........   100%        5    ######.
 Dispel Undead            Necr           #.......     100%        5    ######.
 Excruciating Wounds      Chrm/Necr      #.........   100%        5    ######.
 Fireball                 Conj/Fire      #.........   100%        5    ######.
 Irradiate                Conj/Tmut      #.........   100%        5    ######.
 Lee's Rapid Deconstruct  Erth           #.........   100%        5    ######.
 Silence                  Hex/Air        #.........   100%        5    ######.
 Yara's Violent Unravell  Hex/Tmut       #.........   100%        5    ######.
 Conjure Ball Lightning   Conj/Air       #.........   100%        6    #######
 Darkness                 Hex            #.........   100%        6    #######
 Deflect Missiles         Chrm/Air       #.........   100%        6    #######
 Hydra Form               Tmut           #.........   100%        6    #######
 Invisibility             Hex            #.......     100%        6    #######
 Statue Form              Tmut/Erth      #........    100%        6    #######
 Dragon Form              Tmut           #.........   100%        7    #######
 Haunt                    Necr/Summ      ##........   100%        7    #######
 Malign Gateway           Summ/Tloc      ##........   100%        7    #######
 Monstrous Menagerie      Summ           ###.......   100%        7    #######
 Summon Greater Demon     Summ           ###.......   100%        7    #######
 Summon Hydra             Summ           ###.......   100%        7    #######
 Borgnjor's Revivificati  Necr           #.........   100%        8    #######
 Death's Door             Chrm/Necr      #.........   100%        8    #######
 Discord                  Hex            #.........   100%        8    #######
 Infestation              Necr           #.........   100%        8    #######
 Necromutation            Tmut/Necr      #.........   100%        8    #######
 Summon Horrible Things   Summ           ###.......   100%        8    #######


Dungeon Overview and Level Annotations

Branches:
Dungeon (1/1)

Altars:
Ashenzari
Cheibriados
Dithmenos
Elyvilon
Fedhas
Gozag
Hepliaklqana
Kikubaaqudgha
Makhleb
Nemelex Xobeh
Okawaru
Qazlal
Ru
Sif Muna
Trog
Uskayaw
Vehumet
Wu Jian
Xom
Yredelemnul
Zin
The Shining One
Beogh
Jiyva
Lugonu

Annotations:
D 1 transporter, exclusion: Roxanne, Boris, Dispater, Frederick, Gloorx Vloq, Ignacio, Lom Lobon, Mara, Murray, Roxanne


Innate Abilities, Weirdness & Mutations

You reflexively headbutt those who attack you in melee.
You have a pair of horns on your head.
You occasionally shout uncontrollably at your foes.


Message History

The floor.
You slice Ignacio!!
Ignacio is moderately wounded.
You hit Atelerd's illusion but do no damage.
Visions of slaying Ignacio flood into your mind.
You are engulfed in raging winds.
* * * LOW HITPOINT WARNING * * *
You feel sick.
The spellforged servitor hums quietly as it recharges.
Aizul dies!
* * * LOW HITPOINT WARNING * * *
Josephine dies!
Xtahua dies!
The fire dragon scales {Xtahua} are intact enough to wear.
Chuck dies!
Nergalle dies!
Terence dies!
Duvessa dies!
Urug dies!
You block Ignacio's attack.
PANG!
You block Ignacio's attack.
GONNNNG!
Ignacio hits you with a +2 executioner's axe of pain.
You die...

▓.................▓..▓▓▓..
................▓...▓...
................▓.......
.......©........▓.......
▓▓▓▓▓▓▓▓▓▓▓▓▓▓▓▓▓▓▓▓▓▓▓▓
......8©8...... ▓......8
§§§§§§8§@R}|)). ▓..}=..|
§§§§L§§@§§)%)). ▓...)..[
▓§§§&§§§1@§§}[[8. ▓....}..
▓§§§§§§§§§§§..... ▓.......
▓§§§z§§&§§§§..... ▓.......
▓§§§§*&§§§§§..... ▓.......
▓§§§§§§§1§§§..... ▓.......
▓§§§§§§§§§§§..... ▓.......
▓.§§§§§§§§§§4.... ▓......)
▓.§§§§§§§§§§..... ▓...▓...
▓....▓§......▓... ▓..▓▓▓..


You could see Dispater, Lom Lobon, Gloorx Vloq, Ignacio, Roxanne, Murray,
Frederick, Boris (invisible), Mara, a spellforged servitor, Atelerd's illusion,
a ball lightning, a friendly Executioner and a friendly red devil.

Vanquished Creatures
  Polyphemus (D)
  6 deep elf master archers (D)
  A tentacled starspawn (D)
  4 deep elf blademasters (D)
  9 deep elf sorcerers (D)
  An azure jelly (D)
  A ghost moth (D)
  A frost giant (D)
  2 orc warlords (D)
  2 stone giants (D)
  9 deep elf annihilators (D)
  2 yellow draconians (D)
  A death ooze (D)
  8 deep elf high priests (D)
  A vault guard (D)
  An ice dragon (D)
  3 hydras (D)
  A rakshasa (D)
  An ogre mage (D)
  6 two-headed ogres (D)
  8 dancing weapons (D)
  5 small abominations (D)
  2 soul eaters (D)
  A wretched star (D)
  5 deep elf knights (D)
  2 orc high priests (D)
  A shadow wraith (D)
  An unseen horror (shapeshifter) (D)
  A death drake (D)
  4 large abominations (D)
  3 deep elf archers (D)
  A glowing orange brain (D)
  5 orc knights (D)
  An orc sorcerer (D)
  14 deep elf magi (D)
  A shining eye (D)
  5 cyclopes (D)
  6 draconians (D)
  2 toenail golems (D)
  A vault sentinel (D)
  2 spiny frogs (D)
  3 smoke demons (D)
  A yaktaur (D)
  3 rime drakes (D)
  2 komodo dragons (D)
  7 trolls (D)
  A troll (shapeshifter) (D)
  Grinder (D)
  3 raiju (D)
  2 slime creatures (D)
  A hippogriff (D)
  A hippogriff (shapeshifter) (D)
  2 air elementals (D)
  3 water elementals (D)
  A yak (shapeshifter) (D)
  A fire bat (D)
  2 wyverns (D)
  A fire elemental (D)
  A steam dragon (D)
  A yak (D)
  A golden eye (D)
  2 water moccasins (D)
  2 wargs (D)
  18 orc warriors (D)
  4 ogres (D)
  A necrophage (D)
  An eye of draining (D)
  2 phantoms (D)
  2 crocodiles (D)
  A bullfrog (D)
  2 earth elementals (D)
  A wight (D)
  A quasit (D)
  4 jellies (D)
  2 orc priests (D)
  7 orc wizards (D)
  A white imp (D)
  3 oozes (D)
  A spectral adder (D)
  2 adder zombies (D)
  2 adder skeletons (D)
  A bat skeleton (D)
  2 bat zombies (D)
  A ball python zombie (D)
  A giant cockroach simulacrum (D)
  A giant cockroach zombie (D)
  A jackal skeleton (D)
  A jackal zombie (D)
  A leopard gecko skeleton (D)
  5 crawling corpses (D)
243 creatures vanquished.

Vanquished Creatures (collateral kills)
  A deep elf master archer (D)
  A deep elf sorcerer (D)
  A hydra (D)
  A rakshasa (D)
  An ice dragon (D)
  A two-headed ogre (D)
  A thrashing horror (D)
  A deep elf knight (D)
  A wretched star (D)
  An orc knight (D)
  A deep elf mage (D)
  A shining eye (D)
  4 draconians (D)
  2 cyclopes (D)
  A toenail golem (D)
  A troll (D)
  2 slime creatures (D)
  A ynoxinul (D)
  3 large abominations (D)
  2 small abominations (D)
  A fire bat (D)
  A porcupine (D)
  2 orc warriors (D)
  2 ogres (D)
  An orc priest (D)
  2 oozes (D)
  A spectral adder (D)
38 creatures vanquished.

Vanquished Creatures (others)
  Xtahua (D)
  Rupert (D)
  Chuck (D)
  Donald (D)
  Aizul (D)
  An ironheart preserver (D)
  Azrael (D)
  Josephine (D)
  Erica (D)
  A dancing weapon (D)
  Urug (D)
  Nergalle (D)
  A spatial maelstrom (D)
  Pikel (D)
  Maurice (D)
  Joseph (D)
  Prince Ribbit (D)
  An acid dragon (D)
  Duvessa (D)
  Dowan (D)
  Crazy Yiuf (D)
  An orc wizard (D)
  Terence (D)
  7 ball lightnings (D)
  4 starspawn tentacles (D)
34 creatures vanquished.

Grand Total: 315 creatures vanquished

Notes
Turn   | Place    | Note
-------+----------+-------------------------------------------
     0 | D        | Found the +6 Majin-Bo {vamp, Archmagi MP+6 Int+6}
     0 | D        | Found the +7 great mace "Firestarter" {inner flame, rF++}
     0 | D        | Atelerd the Minotaur Fighter began the quest for the Orb.
     0 | D        | Reached XP level 1. HP: 19/19 MP: 0/0
     0 | D        | Found a blossoming altar of Fedhas.
     1 | D        | Found a transporter.
     1 | D        | Found a viscous altar of Jiyva.
     1 | D        | Found an ancient bone altar of Kikubaaqudgha.
     1 | D        | Found a hazy altar of Hepliaklqana.
     1 | D        | Found a corrupted altar of Lugonu.
     1 | D        | Found an opulent altar of Gozag.
     1 | D        | Found a burning altar of Makhleb.
     3 | D        | Found a sacrificial altar of Ru.
     3 | D        | Found a stormy altar of Qazlal.
     3 | D        | Found a deep blue altar of Sif Muna.
     3 | D        | Found an iron altar of Okawaru.
     3 | D        | Found a bloodstained altar of Trog.
     3 | D        | Found a sparkling altar of Nemelex Xobeh.
    34 | D        | Found the +9 heavy crossbow "Sniper" {velocity, Acc+∞ SInv}
    34 | D        | Found the +10 dark maul {crush}
    34 | D        | Found the +15 Maxwell's patent armour {-Cast -Tele rElec
                  | MR+ rCorr}
    34 | D        | Found the +18 shield of the Gong {rElec rN+ MR+ EV-5}
    34 | D        | Found the cursed +14 obsidian axe {chop, +Fly SInv *Curse}
    51 | D        | Banished a spatial maelstrom
    56 | D        | Reached skill level 5 in Fighting
    56 | D        | Reached skill level 5 in Axes
    56 | D        | Reached skill level 5 in Armour
    56 | D        | Reached skill level 5 in Shields
    56 | D        | Reached XP level 2. HP: 30/30 MP: 1/1
    64 | D        | Became a worshipper of Makhleb the Destroyer
    67 | D        | Found the +6 shillelagh "Devastator" {shatter}
    67 | D        | Found the +11 plutonium sword {*Contam Stlth-}
    67 | D        | Found the +8 lance "Wyrmbane" {slay drac, rPois rF+ rC+
                  | AC+3}
    67 | D        | Found the +9 sword of Zonguldrok {reap}
    67 | D        | Found the cursed +13 scythe of Curses {drain, *Curse}
    67 | D        | Found the +0 sword of Power
    67 | D        | Found the +7 mace of Variability {chain chaos}
    67 | D        | Found the +7 Singing Sword {slice, sonic wave}
    67 | D        | Found the +7 longbow "Piercer" {penet, EV-2}
    88 | D        | Entered arena 2.
    88 | D        | Found a transporter.
    97 | D        | Reached skill level 6 in Shields
    97 | D        | Reached XP level 3. HP: 36/38 MP: 2/2
   115 | D        | Entered arena 3.
   115 | D        | Noticed a toenail golem
   115 | D        | Noticed a toenail golem
   115 | D        | Noticed a toenail golem
   115 | D        | Found a transporter.
   120 | D        | Killed a toenail golem
   120 | D        | Reached * piety under Makhleb
   120 | D        | Reached skill level 9 in Shields
   120 | D        | Reached XP level 4. HP: 50/50 MP: 3/3
   120 | D        | Reached XP level 5. HP: 57/57 MP: 4/4
   120 | D        | Reached XP level 6. HP: 63/63 MP: 5/5
   121 | D        | Killed a toenail golem
   121 | D        | Reached skill level 10 in Fighting
   121 | D        | Reached skill level 10 in Axes
   121 | D        | Reached skill level 10 in Armour
   121 | D        | Reached skill level 10 in Shields
   121 | D        | Reached XP level 7. HP: 73/73 MP: 6/6
   123 | D        | Killed a toenail golem
   123 | D        | Reached ** piety under Makhleb
   123 | D        | Reached skill level 11 in Shields
   139 | D        | Entered arena 4.
   139 | D        | Noticed a yak
   139 | D        | Noticed an orc knight
   139 | D        | Noticed an ironheart preserver
   139 | D        | Found a transporter.
   144 | D        | Killed an ironheart preserver
   144 | D        | Reached skill level 12 in Shields
   144 | D        | Reached XP level 8. HP: 84/84 MP: 7/7
   145 | D        | Reached XP level 9. HP: 91/91 MP: 8/8
   150 | D        | Killed an orc knight
   157 | D        | Got the ring of the Garden {*Corrode MP+9 Int+2 Slay+2
                  | Stlth+}
   160 | D        | Entered arena 5.
   160 | D        | Found a transporter.
   161 | D        | Identified the +0 flail "Ununt" {elec, Int+2}
   164 | D        | Reached *** piety under Makhleb
   164 | D        | Reached skill level 13 in Shields
   170 | D        | Got the amulet "Idghyptuu" {Inacc rElec rPois MR+}
   175 | D        | Entered arena 6.
   175 | D        | Found a transporter.
   179 | D        | Reached **** piety under Makhleb
   186 | D        | Got the +8 battleaxe of Ancient Evil {chop, Int+4}
   242 | D        | Entered arena 7.
   242 | D        | Noticed a draconian
   242 | D        | Noticed a draconian
   242 | D        | Noticed a draconian
   242 | D        | Noticed a draconian
   242 | D        | Noticed a yellow draconian
   242 | D        | Noticed a draconian
   243 | D        | Found a transporter.
   246 | D        | Killed a draconian
   246 | D        | Reached ***** piety under Makhleb
   250 | D        | Killed a draconian
   251 | D        | Killed a draconian
   251 | D        | Killed a draconian
   251 | D        | Reached skill level 14 in Shields
   251 | D        | Reached XP level 10. HP: 103/103 MP: 9/9
   255 | D        | Killed a yellow draconian
   256 | D        | Killed a draconian
   266 | D        | Got the Guide on Assistive Calling
   272 | D        | Entered arena 8.
   272 | D        | Noticed a draconian
   272 | D        | Noticed a draconian
   272 | D        | Noticed a draconian
   272 | D        | Noticed a yellow draconian
   272 | D        | Noticed a draconian
   272 | D        | Noticed a draconian
   273 | D        | Identified the +6 rapier "Humne" {pierce, rPois rC- Dex+3}
   273 | D        | Found a transporter.
   277 | D        | Killed a draconian
   280 | D        | Killed a draconian
   281 | D        | Killed a yellow draconian
   281 | D        | Reached skill level 15 in Fighting
   281 | D        | Reached skill level 15 in Axes
   281 | D        | Reached skill level 15 in Armour
   281 | D        | Reached skill level 15 in Shields
   282 | D        | Killed a draconian
   282 | D        | Reached ****** piety under Makhleb
   285 | D        | Killed a draconian
   286 | D        | Killed a draconian
   293 | D        | Got Uklufap's Handbook of the Scorching Rocks
   307 | D        | Entered arena 9.
   307 | D        | Noticed an unseen horror
   307 | D        | Noticed a vault guard
   307 | D        | Noticed a rakshasa
   307 | D        | Noticed a vault sentinel
   307 | D        | Noticed a shadow wraith
   307 | D        | Noticed a rakshasa
   308 | D        | Found a transporter.
   312 | D        | Killed a shadow wraith
   312 | D        | Reached XP level 11. HP: 109/114 MP: 10/10
   313 | D        | Killed an unseen horror
   314 | D        | Killed a vault guard
   314 | D        | Reached skill level 16 in Shields
   322 | D        | Killed a rakshasa
   341 | D        | Killed a rakshasa
   373 | D        | Entered arena 10.
   374 | D        | Identified the +7 hunting sling of Yha Anuzu {speed, *Drain
                  | rC+ MR+}
   374 | D        | Found a transporter.
   400 | D        | Entered arena 11.
   401 | D        | Found a transporter.
   419 | D        | Entered arena 12.
   420 | D        | Noticed a soul eater
   420 | D        | Noticed a soul eater
   422 | D        | Found a transporter.
   428 | D        | Killed a soul eater
   428 | D        | Reached skill level 17 in Shields
   432 | D        | Killed a soul eater
   442 | D        | Entered arena 13.
   442 | D        | Noticed an ice dragon
   442 | D        | Noticed a six-headed hydra
   442 | D        | Noticed a death drake
   442 | D        | Noticed an ice dragon
   443 | D        | Noticed a four-headed hydra
   453 | D        | Killed an ice dragon
   456 | D        | Killed a death drake
   457 | D        | Killed an eight-headed hydra
   458 | D        | Killed a ten-headed hydra
   458 | D        | Reached skill level 5 in Invocations
   458 | D        | Reached XP level 12. HP: 101/125 MP: 10/14
   461 | D        | Killed an ice dragon
   466 | D        | Found a transporter.
   481 | D        | Got the ring "Roucej" {EV+3 Int+4}
   492 | D        | Entered arena 14.
   495 | D        | Found a transporter.
   518 | D        | Got the ring "Ymnaxuv" {Fire rPois rN+ SInv}
   534 | D        | Entered arena 15.
   535 | D        | Noticed an orc warlord
   536 | D        | Noticed an ogre mage
   536 | D        | Identified the ring of Jocotzug {+Blink AC+3 Str+6}
   536 | D        | Noticed an orc high priest
   536 | D        | Noticed a stone giant
   537 | D        | Identified the +9 lajatang "Wiazxam" {elec, +Blink Int+4}
   537 | D        | Found a transporter.
   537 | D        | Gained mutation: You occasionally shout uncontrollably at
                  | your foes. [a neqoxec]
   544 | D        | Killed an orc warlord
   544 | D        | Reached skill level 18 in Shields
   545 | D        | Killed an ogre mage
   550 | D        | Killed an orc high priest
   552 | D        | Killed a stone giant
   575 | D        | Got the +10 rapier of Kismet {pierce, MR+ Int+4 Stlth+}
   621 | D        | Entered arena 16.
   622 | D        | Noticed a death ooze
   623 | D        | Found the +3 salamander hide armour {+Rage rF++}
   623 | D        | Noticed an azure jelly
   624 | D        | Found a transporter.
   626 | D        | Killed a death ooze
   626 | D        | Reached skill level 10 in Invocations
   629 | D        | Killed an azure jelly
   634 | D        | Reached XP level 13. HP: 136/136 MP: 18/20
   658 | D        | Entered arena 17.
   663 | D        | Found a transporter.
   673 | D        | Reached skill level 19 in Shields
   708 | D        | Entered arena 18.
   711 | D        | Noticed a frost giant
   711 | D        | Noticed a stone giant
   712 | D        | Found the +12 glaive of Prune {chop}
   723 | D        | Killed a frost giant
   724 | D        | Killed a stone giant
   729 | D        | Found a transporter.
   748 | D        | Entered arena 19.
   751 | D        | Noticed an orc warlord
   753 | D        | Found the +4 moon troll leather armour {Spirit, Regen++
                  | MP+5}
   753 | D        | Found a transporter.
   759 | D        | Reached skill level 20 in Shields
   763 | D        | Killed an orc warlord
   776 | D        | Got the +11 glaive "Goech" {pain, *Drain rN+ Str+3}
   781 | D        | Got the +2 pair of gloves of the Wumpus {rPois rN+ Int+5}
   811 | D        | Entered arena 20.
   816 | D        | Noticed a deep elf blademaster
   816 | D        | Noticed a deep elf sorcerer
   816 | D        | Noticed a deep elf master archer
   816 | D        | Noticed a deep elf sorcerer
   816 | D        | Noticed a deep elf sorcerer
   817 | D        | Noticed a deep elf annihilator
   823 | D        | Killed a deep elf blademaster
   823 | D        | Reached skill level 15 in Invocations
   823 | D        | Reached XP level 14. HP: 136/148 MP: 24/24
   826 | D        | Killed a deep elf sorcerer
   827 | D        | Killed a deep elf sorcerer
   829 | D        | Killed a deep elf sorcerer
   838 | D        | Killed a deep elf master archer
   838 | D        | Reached skill level 21 in Shields
   843 | D        | Found a transporter.
   874 | D        | Got the amulet "Byqaogg" {Reflect MR+ SH+3}
   906 | D        | Entered arena 21.
   910 | D        | Noticed a deep elf sorcerer
   911 | D        | Noticed a deep elf master archer
   911 | D        | Noticed a deep elf sorcerer
   911 | D        | Identified the cursed +1 falchion of Tomorrow {speed, rPois
                  | rF+ Str+6}
   911 | D        | Noticed a deep elf sorcerer
   911 | D        | Noticed a deep elf blademaster
   911 | D        | Noticed a deep elf sorcerer
   911 | D        | Noticed a deep elf blademaster
   911 | D        | Noticed a deep elf sorcerer
   912 | D        | Identified the +7 morningstar of Descent {crush, MR+ SInv}
   924 | D        | Killed a deep elf master archer
   924 | D        | Killed a deep elf sorcerer
   926 | D        | Killed a deep elf blademaster
   926 | D        | Reached skill level 22 in Shields
   928 | D        | Killed a deep elf sorcerer
   930 | D        | Killed a deep elf sorcerer
   931 | D        | Killed a deep elf sorcerer
   931 | D        | Killed a deep elf blademaster
   931 | D        | Reached XP level 15. HP: 160/160 MP: 25/27
   932 | D        | Killed a deep elf sorcerer
   933 | D        | Reached skill level 23 in Shields
   938 | D        | Found a transporter.
   971 | D        | Got the amulet "Zoes" {Spirit rC+}
   982 | D        | Entered arena 22.
   988 | D        | Noticed a tentacled starspawn
   992 | D        | Noticed a ghost moth
  1001 | D        | Killed a tentacled starspawn
  1012 | D        | Killed a ghost moth
  1019 | D        | Found a transporter.
  1066 | D        | Learned a level 5 spell: Aura of Abjuration
  1143 | D        | Entered arena 23.
  1149 | D        | Noticed a deep elf master archer
  1149 | D        | Noticed a deep elf master archer
  1149 | D        | Noticed a deep elf sorcerer
  1149 | D        | Noticed a deep elf master archer
  1149 | D        | Noticed a deep elf blademaster
  1150 | D        | Noticed a deep elf sorcerer
  1150 | D        | Noticed a deep elf master archer
  1152 | D        | Reached skill level 24 in Shields
  1152 | D        | Reached skill level 1 in Summonings
  1153 | D        | Noticed a deep elf master archer
  1153 | D        | Identified the amulet "Ribina" {Spirit +Fly rPois}
  1153 | D        | Identified the ring of Gilepnum {rN+ Dex+3}
  1153 | D        | Identified the +4 trident of the Tiger {venom, +Fly Str+4
                  | SInv}
  1153 | D        | Identified the +12 rapier of Wucwej {pierce, rElec rPois
                  | Stlth+}
  1156 | D        | Reached skill level 1 in Spellcasting
  1158 | D        | Killed a deep elf master archer
  1159 | D        | Killed a deep elf sorcerer
  1160 | D        | Killed a deep elf master archer
  1160 | D        | Killed a deep elf blademaster
  1162 | D        | Killed a deep elf master archer
  1168 | D        | Killed a deep elf sorcerer
  1171 | D        | Killed a deep elf master archer
  1171 | D        | Reached skill level 5 in Summonings
  1176 | D        | Reached skill level 5 in Spellcasting
  1177 | D        | Killed a deep elf master archer
  1185 | D        | Found a transporter.
  1271 | D        | Got the Tome of Ghastly Lightness
  1275 | D        | Entered arena 24.
  1282 | D        | Learned a level 4 spell: Animate Dead
  1286 | D        | Noticed Lom Lobon
  1286 | D        | Noticed Rupert
  1286 | D        | Noticed Crazy Yiuf
  1286 | D        | Noticed Maurice
  1286 | D        | Noticed Erica
  1286 | D        | Noticed Polyphemus
  1286 | D        | Noticed Aizul
  1286 | D        | Noticed Roxanne
  1286 | D        | Noticed Ignacio
  1286 | D        | Noticed Grinder
  1286 | D        | Noticed Xtahua
  1286 | D        | Noticed Mara
  1286 | D        | Noticed Gloorx Vloq
  1287 | D        | Found the +6 arbalest "Damnation" {damnation}
  1287 | D        | Noticed Donald
  1287 | D        | Noticed Prince Ribbit
  1287 | D        | Noticed Murray
  1287 | D        | Noticed Azrael
  1287 | D        | Noticed Urug
  1287 | D        | Noticed Dowan
  1288 | D        | Noticed an Executioner
  1288 | D        | Noticed Chuck
  1289 | D        | Noticed an Executioner
  1289 | D        | Noticed an Executioner
  1289 | D        | Noticed Duvessa
  1289 | D        | Noticed Pikel
  1289 | D        | Identified the ring "Leengeu" {rPois Str+3 Int+5 Dex-4}
  1289 | D        | Noticed Terence
  1290 | D        | Noticed Atelerd's illusion
  1290 | D        | Noticed Frederick
  1291 | D        | Identified the +4 staff of Dispater
  1291 | D        | Identified the ring "Sesocheb" {rPois rC+++ rN+ Str-2 SInv}
  1291 | D        | Noticed Dispater
  1291 | D        | Noticed Joseph
  1291 | D        | Noticed Josephine
  1292 | D        | Identified the +6 war axe "Naragyschu" {flame, *Contam
                  | rElec Int-4 SInv}
  1292 | D        | Noticed Boris
  1293 | D        | Killed Pikel
  1294 | D        | Killed Dowan
  1295 | D        | Noticed Nergalle
  1296 | D        | Killed Crazy Yiuf
  1296 | D        | Killed Azrael
  1296 | D        | Killed Donald
  1296 | D        | Killed Rupert
  1296 | D        | Killed Maurice
  1296 | D        | Killed Erica
  1296 | D        | Killed Prince Ribbit
  1296 | D        | Found a transporter.
  1297 | D        | Killed Polyphemus
  1297 | D        | Killed Grinder
  1297 | D        | Killed Joseph
  1298 | D        | Killed Aizul
  1298 | D        | HP: 4/249 [Lom Lobon/tornado (13)]
  1298 | D        | Killed Josephine
  1298 | D        | Killed Xtahua
  1298 | D        | Killed Chuck
  1298 | D        | Killed Nergalle
  1298 | D        | Killed Terence
  1298 | D        | Killed Duvessa
  1298 | D        | Killed Urug
  1298 | D        | Slain by Ignacio

Skill      XL: |  1  2  3  4  5  6  7  8  9 10 11 12 13 14 15 |
---------------+----------------------------------------------+-----
Fighting       | 5 6 9 10 12 14 15 17 18 20 21 23 | 23.9
Axes           | 5 8 10 12 13 15 17 18 20 21 23 | 23.3
Armour         | 5 6 9 10 12 14 15 17 18 20 22 23 | 23.4
Shields        | 5 6 9 10 12 14 15 17 18 20 22 24 | 24.5
Invocations    | 5 10 15 18 21 | 21.0
Summonings     | 6 |  6.4
Spellcasting   | 5 |  5.8
Necromancy     | |  0.8

Action                   |  1- 3 |  4- 6 |  7- 9 | 10-12 | 13-15 || total
-------------------------+-------+-------+-------+-------+-------++-------
Melee: Broad axe         |    12 |     1 |    26 |   114 |   173 ||   326
       Headbutt          |     3 |       |    10 |    22 |    37 ||    72
Invok: Greater Servant o |       |       |       |       |     5 ||     5
       Major Destruction |       |       |       |       |     1 ||     1
Evoke: Wand              |       |       |       |     3 |       ||     3
  Use: Potion            |     1 |       |     1 |     2 |     5 ||     9
 Stab: Invisible         |       |       |       |     8 |       ||     8
       Distracted        |       |       |       |     2 |     7 ||     9
  Eat: Chunk             |       |       |       |       |    13 ||    13
Armor: Plate armour      |    23 |       |     2 |    33 |   103 ||   161
Dodge: Dodged            |     1 |       |       |     8 |    20 ||    29
       Deflected         |       |       |       |     1 |       ||     1
Block: Shield            |    32 |     3 |    31 |   165 |   338 ||   569
       Reflection        |       |       |       |       |     1 ||     1
